 Dungeon Crawl Stone Soup version 0.30-a0-900-g23479c02f2 (webtiles) character file.

Game seed: 7830023721790026406

233 buddhastalin the Trooper (level 5, -3/64 HPs)
             Began as a Demonspawn Berserker on Mar 18, 2023.
             Was a Believer of Trog.
             Splashed by a jelly's acid (7 damage)
             ... on level 3 of the Dungeon.
             The game lasted 00:05:08 (1724 turns).

buddhastalin the Trooper (Demonspawn Berserker)     Turns: 1724, Time: 00:05:09

Health: -3/64      AC: -6    Str: 20    XL:     5   Next: 75%
Magic:  5/5        EV:  8    Int: 14    God:    Trog [**....]
Gold:   64         SH:  0    Dex: 12    Spells: 4/4 levels left

rFire   . . .      SeeInvis .    a - +0 falchion
rCold   . . .      Faith    .    (no shield)
rNeg    . . .      Spirit   .    j - +0 chain mail
rPois   .          Reflect  .    (no helmet)
rElec   .          Rampage  .    (no cloak)
rCorr   .                        (no gloves)
Will    .....                    (no boots) Stlth
                                 e - amulet of regeneration
HPRegen 1.10/turn                (no ring)
MPRegen 0.09/turn                (no ring)

@: berserking, corroded, very quick
A: big brain 3
a: Renounce Religion, Berserk, Trog's Hand


You were on level 3 of the Dungeon.
You worshipped Trog.
Trog was pleased with you.
You visited 1 branch of the dungeon, and saw 3 of its levels.

You collected 64 gold pieces.

Inventory:

Hand Weapons
 a - a +0 falchion (weapon)
Armour
 j - a +0 chain mail (worn)
Jewellery
 e - an amulet of regeneration (around neck)
Wands
 i - a wand of polymorph (11)
Scrolls
 d - a scroll of immolation {unknown}
 g - 2 scrolls of identify {unknown}
 h - a scroll of enchant armour {unknown}
 l - 2 scrolls of vulnerability {unknown}
 n - a scroll of fear {unknown}
 o - a scroll of teleportation {unknown}
 q - a scroll of enchant weapon {unknown}
Potions
 b - a potion of might {unknown}
 c - 2 potions of attraction {unknown}
 f - a potion of lignification {unknown}
 k - a potion of cancellation {unknown}
 m - a potion of brilliance {unknown}
 p - a potion of haste
 r - a potion of degeneration {unknown}


   Skills:
 * Level 4.7 Fighting
 * Level 4.2 Long Blades
 + Level 2.9 Armour
 - Level 1.7 Dodging


You had 4 spell levels left.
You didn't know any spells.
Your spell library was empty.

Dungeon Overview and Level Annotations

Branches:
Dungeon (3/15)

Altars:

Shops:
D:1 [


Innate Abilities, Weirdness & Mutations

You have an absolutely massive brain. (Int +6, Wiz)


Message History

The giant cockroach barely misses you.
You closely miss the giant cockroach.
The giant cockroach is almost dead.
The giant cockroach bites you.
You closely miss the giant cockroach.
The giant cockroach is almost dead.
The giant cockroach barely misses you.
You hit the giant cockroach.
You kill the giant cockroach!
Trog accepts your kill.
You hit the jelly but do no damage.
Your hands burn!
The jelly barely misses you.
You hit the jelly.
Your hands burn!
The jelly is lightly wounded.
The jelly hits you but does no damage.
You hit the jelly.
Your hands burn!
The jelly is moderately wounded.
The jelly hits you but does no damage. The jelly hits you.
The acid corrodes you!
You are splashed with acid.
You hit the jelly but do no damage. The acid corrodes you!
Your hands burn!
You punch the jelly, but do no damage.
The jelly is moderately wounded.
The jelly completely misses you.
You hit the jelly but do no damage.
Your hands burn!
The jelly is moderately wounded.
The jelly hits you. The acid corrodes you!
You are splashed with acid!
* * * LOW HITPOINT WARNING * * *
You are too injured to fight recklessly!
A red film seems to cover your vision as you go berserk!
You feel yourself moving faster!
You feel mighty! The jelly hits you.
* * * LOW HITPOINT WARNING * * *
The acid corrodes you!
You are splashed with acid!
* * * LOW HITPOINT WARNING * * *
You hit the jelly.
Your hands burn!
* * * LOW HITPOINT WARNING * * *
The jelly is heavily wounded.
The jelly hits you.
* * * LOW HITPOINT WARNING * * *
You are splashed with acid!
You die...

#.. #.# #.# #
######.###############..
#.......................
#+####'###..............
#....##.....>........
#....##..............
#....#######.@.......
#....#######J##......
+...#......... .....
#####.........# ....
#.........# ...
#####.........+ ..
#.............# #
...#....#######.##
#....[.......#.# #


You could see a jelly.

Vanquished Creatures
  Sigmund (D:2)
  Terence (D:2)
  3 dart slugs
  5 bats
  8 endoplasms
  4 giant cockroaches
  3 hobgoblins
  A kobold (D:2)
  7 ball pythons
  2 frilled lizards
  4 goblins
  3 rats (D:1)
42 creatures vanquished.

Notes
Turn   | Place    | Note
-------+----------+-------------------------------------------
     0 | D:1      | buddhastalin the Demonspawn Berserker began the quest for
                  | the Orb.
     0 | D:1      | Reached XP level 1. HP: 18/18 MP: 1/1
   261 | D:1      | Gained mutation: You have an unusually large brain. (Int
                  | +2) [demonic ancestry]
   261 | D:1      | Reached XP level 2. HP: 14/24 MP: 2/2
   454 | D:1      | Found Elapuch's Antique Armour Emporium.
  1125 | D:2      | Noticed Terence
  1131 | D:2      | Killed Terence
  1132 | D:2      | Reached XP level 3. HP: 30/30 MP: 3/3
  1210 | D:2      | Noticed Sigmund
  1235 | D:2      | Killed Sigmund
  1235 | D:2      | Reached ** piety under Trog
  1236 | D:2      | Gained mutation: You have an extremely huge brain. (Int +4)
                  | [demonic ancestry]
  1236 | D:2      | Reached XP level 4. HP: 33/38 MP: 4/4
  1236 | D:2      | Gained mutation: You have an absolutely massive brain. (Int
                  | +6, Wiz) [demonic ancestry]
  1236 | D:2      | Reached XP level 5. HP: 38/43 MP: 5/5
  1724 | D:3      | Splashed by a jelly's acid

Illustrated notes

Levels and vault maps discovered:
D:1:      giann_horns, layout_basic, serial_shops, shop
D:2:      layout_rooms, uniq_sigmund, uniq_terence
D:3:      layout_basic, gammafunk_ghost_abyssal_escape, uniq_jessica,
          uniq_natasha, uniq_grinder

Skill      XL: |  1  2  3 |
---------------+----------+-----
Armour         | 2 |  2.9
Long Blades    | 3 4 |  4.2
Fighting       | 4 |  4.7
Dodging        | |  1.7

Action                     |  1- 3 |  4- 6 || total
---------------------------+-------+-------++-------
  Melee: Falchion          |    96 |    54 ||   150
         Unarmed           |     4 |       ||     4
         Punch             |     1 |     1 ||     2
 Invoke: Berserk           |     1 |     1 ||     2
   Stab: Sleeping          |     3 |       ||     3
 Armour: Animal skin       |    14 |       ||    14
         Chain mail        |    11 |    24 ||    35
  Dodge: Dodged            |    80 |    26 ||   106

Table legend: (Time is in decaauts)
 A = Elapsed time spent in this place.
 B = Non-inter-level travel time spent in this place.
 C = Inter-level travel time spent in this place.
 D = Time resting spent in this place.
 E = Time spent auto-exploring this place.
 F = Levels seen in this place.
 G = Mean time per level.
                   A        B        C        D        E       F      G
               +--------+--------+--------+--------+--------+-----+--------+
         Total |   1750 |   1567 |    183 |     96 |   1097 |   3 |  583.3 |
       Dungeon |   1750 |   1567 |    183 |     96 |   1097 |   3 |  583.3 |
               +--------+--------+--------+--------+--------+-----+--------+

Top non-repeatable levels by time:
     D:1: 1106 daAuts
     D:2: 512 daAuts
     D:3: 130 daAuts
